 Dungeon Crawl Stone Soup version 0.19-a0-1792-g28b16ba (webtiles) character file.

1485 4thArraOfDagon the Grappler (level 8, -11/75 HPs)
             Began as a Troll Wanderer on Oct 4, 2016.
             Was a Priest of Okawaru.
             Mangled by an orc warrior
             ... wielding a +0 dire flail
              (13 damage)
             ... on level 7 of the Dungeon.
             The game lasted 00:06:50 (1625 turns).

4thArraOfDagon the Grappler (Troll Wanderer)        Turns: 1625, Time: 00:06:51

Health: -11/75     AC:  5    Str: 21    XL:     8   Next: 50%
Magic:  8/10       EV: 12    Int:  9    God:    Okawaru [***...]
Gold:   160        SH:  0    Dex: 10    Spells: 0 memorised, 7 levels left

rFire  . . .     SeeInvis .       - Unarmed
rCold  . . .     Gourm    +     c - +0 robe
rNeg   . . .     Faith    .     (no shield)
rPois  .         Spirit   .     (helmet restricted)
rElec  .         Dismiss  .     (no cloak)
rCorr  .         Reflect  .     (gloves unavailable)
MR     .....     Harm     .     (boots unavailable)
Stlth  ++........               (no amulet)
                                (no ring)
                                (no ring)

@: heroism
A: unfitting armour, claws 3, fast metabolism 3, gourmand, regeneration 1,
shaggy fur 1, tough skin 2
a: Heroism, Renounce Religion


You were on level 7 of the Dungeon.
You worshipped Okawaru.
Okawaru was most pleased with you.
You were completely stuffed.

You visited 1 branch of the dungeon, and saw 7 of its levels.

You collected 160 gold pieces.

Inventory:

Armour
 c - a +0 robe (worn)
Wands
 o - a wand of random effects (38/48)
 t - a wand of lightning (6/15)
 v - a wand of random effects (23/48)
Scrolls
 a - 2 scrolls of noise {unknown}
 b - a scroll of enchant weapon {unknown}
 d - a scroll of teleportation
 g - a scroll of remove curse {unknown}
 i - a scroll of fear {unknown}
 j - a scroll of immolation {unknown}
 k - a scroll of magic mapping {unknown}
 n - a scroll of blinking {unknown}
 u - a scroll of recharging {unknown}
Potions
 h - a potion of lignification {unknown}
 l - 2 potions of curing
 m - a potion of berserk rage {unknown}
 p - 2 potions of flight {unknown}
 r - a potion of cure mutation {unknown}
 s - a potion of ambrosia {unknown}
Books
 e - a book of Cantrips

   Spells                             Type                      Level
   a - Confusing Touch                Hexes                        1
   b - Animate Skeleton               Necromancy                   1
   c - Summon Small Mammal            Summoning                    1
   d - Apportation                    Translocation                1
Comestibles
 f - 4 bread rations
 q - a royal jelly
 w - a beef jerky


   Skills:
 + Level 3.2(8.2) Fighting
   Level 2.6(7.6) Bows
 - Level 1.0(6.0) Throwing
 + Level 2.3(7.3) Dodging
 - Level 1.0(6.0) Stealth
 * Level 8.4(13.4) Unarmed Combat
 + Level 4.5 Invocations


You had 7 spell levels left.
You didn't know any spells.

Dungeon Overview and Level Annotations

Branches:
Dungeon (7/15)
 Temple: D:4-7

Altars:
Kikubaaqudgha
Okawaru
Trog


Innate Abilities, Weirdness & Mutations

You are too large for most types of armour.
You have claws for hands.
Your metabolism is lightning-fast.
You like to eat raw meat.
Your natural rate of healing is unusually fast.
You are covered in fur. (AC +1)
You have very tough skin. (AC +2)


Message History

Okawaru accepts your kill.
Unknown command.
You claw the orc warrior!
The orc warrior is moderately wounded.
The orc warrior hits you with a dire flail!!
An orc priest comes into view. It is wielding a falchion.
You barely miss the orc warrior.
The orc warrior is moderately wounded.
The orc hits you with a dagger of protection.
Unknown command.
You claw the orc warrior!
The orc warrior is almost dead.
The orc warrior hits you with a dire flail!!
* * * LOW HITPOINT WARNING * * *
Unknown command.
Unknown command.
You scratch the orc warrior but do no damage.
The orc warrior is almost dead.
The orc warrior hits you with a dire flail!
You die...

..........# #
#...>.....# .#
.#.........##.#
..........$.o.
#..........#
#..........#
.......o)..#
#...@o..#
#.......#
#..###### #..#
######..#
#..))...#
#.#####.#
#.#####<##
#........#


You could see an orc warrior, an orc priest and an orc.

Vanquished Creatures
  Duvessa (D:6)
  An orc warrior (D:6)
  An ogre (D:6)
  2 bullfrogs
  Dowan (D:6)
  6 howler monkeys (D:7)
  4 wights (D:7)
  A quasit (D:6)
  A crimson imp (D:5)
  A hound (D:4)
  2 orc priests (D:6)
  A bullfrog skeleton (D:4)
  4 orc wizards
  3 worker ants
  11 gnolls
  7 adders
  A shadow imp (D:2)
  An ooze (D:2)
  2 leopard geckos
  18 orcs
  A giant cockroach (D:7)
  4 goblins
  5 hobgoblins
  5 jackals
  3 quokkas
  2 ball pythons
  5 bats
  5 kobolds
  A leopard gecko zombie (D:5)
  6 rats
106 creatures vanquished.

Notes
Turn   | Place    | Note
-------+----------+-------------------------------------------
     0 | D:1      | 4thArraOfDagon the Troll Wanderer began the quest for the Orb.
     0 | D:1      | 4thArraOfDagon set off with: a +2 shortbow, 24 arrows, a +0 robe, a scroll of teleportation, 2 bread rations
     0 | D:1      | Reached XP level 1. HP: 22/22 MP: 0/0
    75 | D:2      | Found a bloodstained altar of Trog.
   133 | D:2      | Reached skill level 1 in Unarmed Combat
   148 | D:2      | Reached XP level 2. HP: 29/29 MP: 1/1
   172 | D:3      | Found an iron altar of Okawaru.
   184 | D:2      | Reached skill level 2 in Unarmed Combat
   190 | D:2      | Reached XP level 3. HP: 3/36 MP: 2/2
   289 | D:2      | Reached skill level 3 in Unarmed Combat
   334 | D:3      | Became a worshipper of Warmaster Okawaru
   446 | D:1      | Reached XP level 4. HP: 39/44 MP: 3/3
   657 | D:4      | Reached skill level 4 in Unarmed Combat
   657 | D:4      | Reached skill level 1 in Invocations
   690 | D:4      | Found an ancient bone altar of Kikubaaqudgha.
   779 | D:4      | Reached XP level 5. HP: 20/50 MP: 3/5
   892 | D:4      | Reached * piety under Okawaru
   892 | D:4      | Reached skill level 5 in Unarmed Combat
  1001 | D:4      | Reached XP level 6. HP: 45/59 MP: 6/6
  1039 | D:5      | Entered Level 5 of the Dungeon
  1142 | D:5      | Reached skill level 6 in Unarmed Combat
  1311 | D:6      | Reached ** piety under Okawaru
  1311 | D:6      | Reached XP level 7. HP: 40/66 MP: 8/8
  1364 | D:6      | Reached skill level 7 in Unarmed Combat
  1401 | D:6      | Noticed Duvessa
  1435 | D:6      | Noticed Dowan
  1440 | D:6      | Killed Duvessa
  1443 | D:6      | Killed Dowan
  1517 | D:7      | Reached XP level 8. HP: 65/74 MP: 8/10
  1537 | D:7      | Reached skill level 8 in Unarmed Combat
  1575 | D:7      | Reached *** piety under Okawaru
  1624 | D:7      | HP: 2/75 [orc warrior/dire flail (27)]
  1625 | D:7      | Mangled by an orc warrior

Vault maps used:
D:1:      dpeg_arrival_short_road
D:2:      overflow_temple_1_default, minmay_randomly_rotated_circles
D:3:      first_bread, okawaru_altar_gauntlet_db
D:4:      nicolae_overflow_hidden_temple, kiku_gazebo_pond_becter,
          minmay_curled_crystal, nrook_mini_backslash
D:5:      kennysheep_mini_moat, lemuel_round_altar, led_sif_book
D:6:      uniq_pikel, uniq_duvessa
D:7:      marbit_many_paths, kennysheep_little_box,
          nicolae_qazlal_eye_of_the_storm, basic_altar

Skill      XL: |  1  2  3  4  5  6  7  8 |
---------------+-------------------------+-----
Unarmed Combat | 1 2 3 4 5 6 7 8 |  8.4
Invocations    | 1 2 4 |  4.5
Dodging        | 2 |  2.3
Fighting       | 3 |  3.2
Bows           | |  2.6
Throwing       | |  1.0
Stealth        | |  1.0

Action                   |  1- 3 |  4- 6 |  7- 9 || total
-------------------------+-------+-------+-------++-------
Melee: Unarmed           |    96 |   145 |    98 ||   339
       Punch             |       |     4 |     6 ||    10
Invok: Heroism           |       |       |     6 ||     6
Evoke: Wand              |       |       |     1 ||     1
  Use: Potion            |       |     1 |       ||     1
 Stab: Sleeping          |       |     1 |       ||     1
  Eat: Chunk             |     9 |     8 |     4 ||    21
Armor: Robe              |    61 |    49 |    18 ||   128
Dodge: Dodged            |    70 |    72 |    35 ||   177
